 Dungeon Crawl Stone Soup version 0.31-a0-1111-ga3525b893c (webtiles) character file.

Game seed: 719370937614246371

399 night the Firebug (level 6, -2/75 HPs)
             Began as a Demigod Fire Elementalist on Dec 3, 2023.
             Slain by an iguana (3 damage)
             ... on level 4 of the Dungeon.
             The game lasted 00:08:41 (3797 turns).

night the Firebug (Demigod Fire Elementalist)       Turns: 3797, Time: 00:08:41

Health: -2/75      AC: 23    Str:  9    XL:     6   Next: 28%
Magic:  0/13       EV:  2    Int: 25    God:
Gold:   256        SH:  0    Dex: 14    Spells: 5/11 levels left

rFire   . . .        k - +2 dagger (venom)
rCold   . . .        (no shield)
rNeg    . . .        a - melded +0 robe
rPois   +            (helmet currently unavailable)
rElec   .            i - melded +0 cloak
rCorr   .            m - melded +2 pair of gloves
SInv    .            j - melded +1 pair of boots
Will    .....        (no amulet)
Stlth   ++           (no ring)
HPRegen 0.32/turn    (no ring)
MPRegen 0.13/turn

%: no passive effects
@: tree-form
A: stationary, stasis, torment immunity, boosted hp, high MP 1, forlorn, divine
attributes
a: no special abilities


You were on level 4 of the Dungeon.
You were a tree.
You visited 1 branch of the dungeon, and saw 4 of its levels.

You collected 256 gold pieces.

Inventory:

Hand Weapons
 k - a +2 dagger of venom (weapon)
Missiles
 f - 20 stones
 h - 3 poisoned darts
 n - 7 boomerangs
Armour
 a - a +0 robe (melded)
 i - a +0 cloak (melded)
 j - a +1 pair of boots (melded)
 m - a +2 pair of gloves (melded)
Magical Staves
 u - a staff of poison
Wands
 d - a wand of flame (25)
Scrolls
 c - 2 scrolls of teleportation
 g - a scroll of fog
 q - 2 scrolls of fear
 r - a scroll of identify
Potions
 b - 2 potions of magic
 e - a potion of lignification
 l - a potion of ambrosia {unknown}
 o - a potion of curing {unknown}
 p - a potion of brilliance {unknown}
 s - a potion of might {unknown}
 t - a potion of mutation {unknown}


   Skills:
 + Level 2.7 Fighting
 + Level 0.2 Staves
 - Level 1.7 Dodging
 - Level 1.7 Stealth
 + Level 3.2 Spellcasting
 + Level 3.0 Conjurations
 + Level 4.1 Fire Magic


You had 5 spell levels left.
You knew the following spells:

 Your Spells              Type           Power      Damage    Failure   Level
a - Foxfire               Conj/Fire      84%        2x1d8     2%          1
b - Scorch                Fire           48%        2d7       2%          2
c - Volatile Blastmotes   Fire/Tloc      28%        2d12      13%         3

Your spell library contained the following spells:

 Spells                   Type           Power      Damage    Failure   Level
 Inner Flame              Hex/Fire       14%        N/A       13%         3
 Flame Wave               Conj/Fire      21%        2d8       22%         4


Dungeon Overview and Level Annotations

Branches:
Dungeon (4/15)
 Temple: D:4-7

Annotations:
D:2 1 runed translucent door, Crazy Yiuf


Innate Abilities, Weirdness & Mutations

You are a tree.
Your roots penetrate the ground, keeping you stationary.
You cannot be teleported.
You are immune to unholy pain and torment.
Your maximum health is greatly increased.
Your equipment is partially melded.
You have an increased reservoir of magic. (+10% MP)
You shall have no god before yourself.
Your divine heritage dramatically boosts your attributes as you level up.


Message History

Unknown command.
Your +2 dagger of venom begins to drip with poison!
k - a +2 dagger of venom (weapon)
The foxfire hits the iguana but does no damage.
The iguana is heavily wounded.
You hit the iguana but do no damage.
The iguana is poisoned.
The iguana is heavily wounded.
You are no longer corroded.
The iguana misses you.
You barely miss the iguana.
The iguana is heavily wounded.
The iguana bites you!
* * * LOW HITPOINT WARNING * * *
Casting: Foxfire (safe; 2% risk of failure)
Confirm with . or Enter, or press ? or * to list all spells.
You conjure some foxfire!
The iguana is no longer more vulnerable to fire.
The iguana bites you!
* * * LOW HITPOINT WARNING * * *
Unknown command.
Casting: Foxfire (safe; 2% risk of failure)
Confirm with . or Enter, or press ? or * to list all spells.
You don't have enough magic to cast this spell.
It was a potion of lignification.
You turn into a tree.
Your +0 cloak melds into your body.
Your +2 pair of gloves melds into your body.
Your +1 pair of boots melds into your body.
Your +0 robe melds into your body.
Your roots penetrate the ground.
The foxfire hits the iguana.
The iguana is severely wounded.
The iguana bites you.
* * * LOW HITPOINT WARNING * * *
Okay, then.
Casting: Foxfire (safe; 2% risk of failure)
Confirm with . or Enter, or press ? or * to list all spells.
Flames lash the iguana.
The iguana is almost dead.
The iguana's fire resistance burns away.
The iguana bites you.
You die...

.....#).###.##.......#
.....................#
.....##.##.###.#.....#
.....##.#..# #.#.....#
...........# #.#.....#
.......#.>.# #.#....##
.......##.## #.#.#..#
..#.......# #.#.######
..######### #.#.....♣#
### #.######l# #.# #.#
#.# #.# #.# #.# #.#
..#


You could see an iguana (very poisoned, combustible).

Vanquished Creatures
  An ogre (D:4)
  A jelly (D:4)
  A hound (D:4)
  An iguana (D:4)
  Natasha (thrice) (D:2)
  An orc wizard (D:2)
  7 adders
  A worm (D:3)
  2 dart slugs
  7 orcs
  7 endoplasms
  A giant cockroach (D:1)
  6 goblins
  A hobgoblin (D:2)
  2 jackals (D:4)
  8 ball pythons
  5 bats
  3 frilled lizards
  3 kobolds
  3 rats
64 creatures vanquished.

Vanquished Creatures (others)
  81 foxfires
81 creatures vanquished.

Grand Total: 145 creatures vanquished

Notes
Turn   | Place    | Note
-------+----------+-------------------------------------------
     0 | D:1      | night the Demigod Fire Elementalist began the quest for the
                  | Orb.
     0 | D:1      | Reached XP level 1. HP: 14/14 MP: 5/5
   128 | D:1      | Reached skill level 1 in Conjurations
   680 | D:1      | Reached XP level 2. HP: 22/22 MP: 5/7
   683 | D:1      | Learned a level 2 spell: Scorch
   748 | D:1      | Reached skill level 2 in Spellcasting
  1035 | D:2      | Reached skill level 3 in Fire Magic
  1122 | D:2      | Reached skill level 1 in Fighting
  1122 | D:2      | Reached XP level 3. HP: 28/28 MP: 3/8
  1140 | D:2      | Noticed Natasha
  1147 | D:2      | Killed Natasha
  1275 | D:2      | Noticed Natasha
  1284 | D:2      | Killed Natasha
  1285 | D:2      | Reached skill level 2 in Conjurations
  1285 | D:2      | Reached XP level 4. HP: 14/35 MP: 4/10
  1445 | D:1      | Learned a level 3 spell: Volatile Blastmotes
  1663 | D:2      | Noticed Natasha
  1666 | D:2      | Killed Natasha
  1667 | D:2      | Reached skill level 2 in Fighting
  1667 | D:2      | Reached XP level 5. HP: 41/41 MP: 7/11
  1978 | D:2      | Found a runed translucent door.
  1979 | D:2      | Noticed Crazy Yiuf
  2952 | D:4      | Noticed an ogre
  2959 | D:4      | Killed an ogre
  3059 | D:4      | Reached XP level 6. HP: 49/50 MP: 7/13
  3111 | D:4      | Reached skill level 4 in Fire Magic
  3795 | D:4      | HP: 1/50 [iguana (8)]
  3797 | D:4      | Slain by an iguana

Illustrated notes

Levels and vault maps discovered:
D:1:      elethiomel_arrival_maze, layout_loops_ring
D:2:      layout_basic, hellmonk_ecumenical_altar_heavens_door,
          uniq_crazy_yiuf_cottage, uniq_natasha
D:3:      layout_basic
D:4:      layout_basic, nicolae_dithmenos_the_darkroom, nicolae_zig_zag_zippers

Skill      XL: |  1  2  3  4  5  6 |
---------------+-------------------+-----
Conjurations   | 1 2 3 |  3.0
Spellcasting   | 2 3 |  3.2
Fire Magic     | 3 4 |  4.1
Fighting       | 1 2 |  2.7
Staves         | |  0.2
Dodging        | |  1.7
Stealth        | |  1.7

Action                     |  1- 3 |  4- 6 || total
---------------------------+-------+-------++-------
  Melee: Dagger            |    16 |    29 ||    45
         Unarmed           |     1 |       ||     1
         Punch             |       |     1 ||     1
         Staff             |       |    15 ||    15
   Cast: Foxfire           |    26 |    26 ||    52
         Scorch            |     7 |    30 ||    37
    Use: Scroll            |     1 |     5 ||     6
         Potion            |       |     1 ||     1
   Stab: Sleeping          |       |     1 ||     1
         Distracted        |       |     1 ||     1
 Armour: Robe              |    23 |    47 ||    70
         Skin              |       |     2 ||     2
  Dodge: Dodged            |    17 |    31 ||    48

Table legend: (Time is in decaauts)
 A = Elapsed time spent in this place.
 B = Non-inter-level travel time spent in this place.
 C = Inter-level travel time spent in this place.
 D = Time resting spent in this place.
 E = Time spent auto-exploring this place.
 F = Levels seen in this place.
 G = Mean time per level.
                   A        B        C        D        E       F      G
               +--------+--------+--------+--------+--------+-----+--------+
         Total |   3798 |   3654 |    144 |    244 |   2920 |   4 |  949.5 |
       Dungeon |   3798 |   3654 |    144 |    244 |   2920 |   4 |  949.5 |
               +--------+--------+--------+--------+--------+-----+--------+

Top non-repeatable levels by time:
     D:1: 1208 daAuts
     D:4: 935 daAuts
     D:2: 869 daAuts
     D:3: 785 daAuts
